 Dungeon Crawl Stone Soup version 0.17-a0-1115-g0372368 (webtiles) character file.

226 futacatgirl the Sneak (level 6, -18/51 HPs)
             Began as a Naga Wizard on May 23, 2015.
             Demolished by an ogre
             ... wielding a +0 giant club
              (24 damage)
             ... on level 5 of the Dungeon.
             The game lasted 00:19:27 (5046 turns).

futacatgirl the Sneak (Naga Wizard)                 Turns: 5046, Time: 00:19:27

Health: -18/51     AC:  3    Str: 10    XL:     6   Next: 1%
Magic:  10/10      EV: 10    Int: 20    God:
Gold:   207        SH:  0    Dex:  9    Spells: 4 memorised, 4 levels left

rFire  . . .     SeeInvis +     n - +0 dagger (venom)
rCold  . . .     Clarity  .     a - +0 robe
rNeg   . . .     SustAt   .     (no shield)
rPois  +         Gourm    .     b - +0 hat
rElec  .         Spirit   .     (no cloak)
rCorr  .         Warding  .     (no gloves)
rMut   .         Stasis   .     (no barding)
MR     .....                    v - amulet of rage {+Rage, !d}
Stlth  +++.......               (no ring)
                                (no ring)

@: short of breath, very slow, not resistant to hostile enchantments, fairly
stealthy
A: see invisible, deformed body, poison resistance, slowness 2, slow metabolism
1, spit poison 2, AC +2
a: Spit Poison, Evoke Berserk Rage


You were on level 5 of the Dungeon.
You were hungry.

You visited 1 branch of the dungeon, and saw 5 of its levels.

You collected 207 gold pieces.

Inventory:

Hand weapons
 n - a +0 dagger of venom (weapon)
   (You found it on level 1 of the Dungeon)
 A - a +1 falchion of electrocution
   (You took it off an orc on level 4 of the Dungeon)
Missiles
 l - 2 javelins of returning (quivered)
 o - 5 curare-tipped needles
Armour
 a - a +0 robe (worn)
 b - a +0 hat (worn)
 s - a cursed +0 scale mail
   (You found it on level 5 of the Dungeon)
Jewellery
 v - an amulet of rage (around neck) {+Rage, !d}
   (You found it on level 3 of the Dungeon)
Magical devices
 D - a wand of frost (21)
   (You found it on level 4 of the Dungeon)
Scrolls
 e - a scroll of enchant armour {unknown}
 g - a scroll of noise {unknown}
 i - 3 scrolls of remove curse
 y - a scroll of fear
 E - a scroll of teleportation {unknown}
Potions
 f - a potion of brilliance {unknown}
 h - a potion of invisibility
 j - a potion of lignification {unknown}
 k - a potion of flight {unknown}
 m - a potion of magic {unknown}
 p - 2 potions of mutation {unknown}
 r - a potion of cancellation {unknown}
 t - a potion of might {unknown}
 u - a potion of degeneration {unknown}
 x - a potion of resistance {unknown}
 z - a potion of heal wounds {unknown}
Books
 c - a book of Minor Magic
Comestibles
 d - 4 bread rations {@e1}
 q - 5 fruits
 C - a beef jerky


   Skills:
 + Level 1.4 Fighting
 + Level 2.1 Dodging
 + Level 4.2 Stealth
 - Level 3.0 Spellcasting
 * Level 2.8 Conjurations
 * Level 2.6 Charms
   Level 1.0 Summonings
 * Level 2.4 Translocations


You had 4 spell levels left.
You knew the following spells:

 Your Spells              Type           Power        Failure   Level  Hunger
a - Magic Dart            Conj           ##..         4%          1    None
b - Blink                 Tloc           N/A          10%         2    ##.....
d - Repel Missiles        Chrm/Air       #.....       14%         2    ##.....
s - Slow                  Hex            #.......     24%         2    ##.....


Dungeon Overview and Level Annotations

Branches:
Dungeon (5/15)
 Temple: D:4-7

Altars:
Ashenzari
Dithmenos
Fedhas
Gozag
Kikubaaqudgha
Nemelex Xobeh
Qazlal
Ru
Sif Muna
Trog
Yredelemnul
Zin

Annotations:
D:3 1 runed door
D:5 exclusion: upstairs


Innate Abilities, Weirdness & Mutations

You cannot wear boots.
Your serpentine skin is tough (AC +2).
You have supernaturally acute eyesight.
Armour fits poorly on your strangely shaped body.
Your system is resistant to poisons.
You cover ground very slowly.
You have a slow metabolism.
You can spit poison.


Message History

Aim: a worker ant (moderately wounded)
The magic dart hits the worker ant.
The quokka barely misses you.
You now have 3/9 mp.
Aim: a worker ant (moderately wounded)
The magic dart hits the worker ant.
The worker ant bites you.
* * * LOW HITPOINT WARNING * * *
The quokka bites you.
* * * LOW HITPOINT WARNING * * *
The worker ant barely misses you.
You take 3 damage, and have 9/44 hp.
Aim: a worker ant (almost dead)
The magic dart hits the worker ant.
You kill the worker ant!
You have reached level 6!
Your experience leads to an increase in your attributes!
Increase (S)trength, (I)ntelligence, or (D)exterity?
You feel clever.
Your skin feels tougher.
The quokka bites you.
* * * LOW HITPOINT WARNING * * *
The quokka bites you but does no damage.
You take 3 damage, and have 6/51 hp.
You now have 2/10 mp.
Drink which item? (? for menu, Esc to quit)
You feel better.
You feel yourself speed up.
The quokka bites you but does no damage.
The quokka bites you.
You regained 10 hp, and now have 16/51 hp.
You closely miss the quokka. The quokka barely misses you.
The quokka bites you.
* * * LOW HITPOINT WARNING * * *
You take 3 damage, and have 13/51 hp.
Aim: a quokka The magic dart hits the quokka.
The quokka bites you.
* * * LOW HITPOINT WARNING * * *
You take 2 damage, and have 11/51 hp.
You now have 1/10 mp.
Aim: a quokka (moderately wounded)
The magic dart hits the quokka.
The quokka bites you but does no damage.
You now have 0/10 mp.
You slash the quokka!
There is a sudden explosion of sparks!
You kill the quokka!
You see here a quokka corpse.
You butcher the quokka corpse.
s - 2 chunks of flesh {@w0} You see here a quokka skeleton.
Eating one of 2 chunks of flesh {@w0}.
You continue eating. x2
You start resting.
Health restored: 51; MP restored: 10 Unknown command.
Wield which item (- for none, * to show all)? (? for menu, Esc to quit)
Your +1 falchion of electrocution stops crackling.
It begins to drip with poison!
n - a +0 dagger of venom (weapon)
You open the door.
All of the chunks of flesh in your inventory have rotted away.
Found a deep blue altar of Sif Muna and a shattered altar of Ashenzari.
Found a runed scale mail.
Found a sacrificial altar of Ru.
There is an open door here.
You see here a runed scale mail.
s - a runed scale mail Wield which item (- for none, * to show all)? (? for menu, Esc to quit)
Okay, then.
Wear which item? (? for menu, Esc to quit)
Okay, then.
There is an open door here.
E - a scroll labeled LUNIPOE VIHOHU Read which item? (? for menu, Esc to quit)
Identify which item? (\ to view known items) (? for menu, Esc to quit)
As you read the scroll of identify, it crumbles to dust.
w - a potion of poison Drop what? 30/52 slots (_ for help) (? for menu, Esc to quit)
You drop a potion of poison.
Okay, then.
Okay, then.
A kobold comes into view. It is wielding a short sword.
No target in view!
An ogre comes into view. It is wielding a giant club.
The kobold shouts!
Okay, then.
Aim: an ogre, wielding a giant club The splash of poison misses the ogre.
The splash of poison misses the kobold.
You are feeling hungry.
A quokka comes into view.
You hit the ogre. The ogre hits you with a giant club!!
You take 18 damage, and have 33/51 hp.
MASSIVE DAMAGE!!
You barely miss the ogre.
You have got your breath back.
The ogre hits you with a giant club!!
Ouch! That really hurt!
* * * LOW HITPOINT WARNING * * *
You take 27 damage, and have 6/51 hp.
MASSIVE DAMAGE!!
You closely miss the ogre. The ogre closely misses you.
Aim: an ogre, wielding a giant club (lightly wounded)
The splash of poison hits the ogre.
The ogre is poisoned.
You feel slightly more hungry.
You barely miss the ogre. The ogre hits you with a giant club!!
You die...

#..####..(## #..#
####..## #.#####8###..##
#.#...#_≈≈##..# ###....
#..≈≈##.# ....#
##...≈≈#.## #.# #..##
#8_....'..#
#....###...####...≈≈#..#
....rKO@.....##..≈≈##..#
#....###..#(..#_≈≈##...#
#.# #..## #8###..#.#
.#.####...## ####..##.#
........#..####...##.!#
.#.#######.......###.##
######### #. #. #.


You could see an ogre, a quokka and a kobold.

Vanquished Creatures
  A centaur skeleton (D:4)
  2 orc wizards (D:3)
  A worker ant (D:5)
  An adder (D:2)
  A gnoll (D:4)
  3 oozes
  4 worms (D:2)
  4 giant geckos
  5 orcs
  2 ball pythons (D:1)
  2 giant cockroaches
  9 goblins
  7 hobgoblins
  7 jackals (D:1)
  7 bats
  4 giant newts
  5 kobolds
  2 quokkas
  7 rats
74 creatures vanquished.

Notes
Turn   | Place    | Note
--------------------------------------------------------------
     0 | D:1      | futacatgirl the Naga Wizard began the quest for the Orb.
     0 | D:1      | Reached XP level 1. HP: 15/15 MP: 4/4
   484 | D:1      | Reached XP level 2. HP: 24/24 MP: 0/6
   977 | D:1      | Reached skill level 2 in Dodging
   982 | D:1      | Learned a level 2 spell: Blink
   985 | D:1      | Learned a level 2 spell: Repel Missiles
   988 | D:1      | Learned a level 2 spell: Slow
  1061 | D:1      | Reached XP level 3. HP: 30/30 MP: 5/7
  1644 | D:2      | Reached skill level 2 in Conjurations
  1649 | D:2      | Reached skill level 1 in Fighting
  1973 | D:2      | Found a blossoming altar of Fedhas.
  2074 | D:2      | Reached skill level 1 in Charms
  2353 | D:2      | Reached XP level 4. HP: 30/38 MP: 4/8
  2997 | D:2      | Found a shadowy altar of Dithmenos.
  3163 | D:3      | Found a glowing silver altar of Zin.
  3229 | D:3      | Found a bloodstained altar of Trog.
  3445 | D:3      | Found a basalt altar of Yredelemnul.
  3774 | D:3      | Noticed an angel
  3775 | D:3      | Found a runed door.
  3981 | D:3      | Reached XP level 5. HP: 38/44 MP: 2/9
  3995 | D:3      | HP: 11/44 [orc wizard/magic dart (6)]
  4001 | D:3      | Reached skill level 4 in Stealth
  4001 | D:3      | Reached skill level 2 in Charms
  4001 | D:3      | Reached skill level 2 in Translocations
  4470 | D:4      | Found an opulent altar of Gozag.
  4470 | D:4      | Found a sparkling altar of Nemelex Xobeh.
  4484 | D:4      | Found an ancient bone altar of Kikubaaqudgha.
  4622 | D:4      | Found a stormy altar of Qazlal.
  4731 | D:4      | Noticed an orc warrior
  4742 | D:5      | Entered Level 5 of the Dungeon
  4751 | D:5      | HP: 11/44 [worker ant (2)]
  4752 | D:5      | Reached XP level 6. HP: 10/51 MP: 2/10
  4998 | D:5      | Found a deep blue altar of Sif Muna.
  4998 | D:5      | Found a shattered altar of Ashenzari.
  4999 | D:5      | Found a sacrificial altar of Ru.
  5039 | D:5      | Noticed an ogre
  5043 | D:5      | HP: 6/51 [ogre/giant club (27)]
  5046 | D:5      | Demolished by an ogre

Vault maps used:
D:1:      dpeg_arrival_boxorama, minivault_26
D:2:      nicolae_overflow_hidden_temple, first_bread, fedhas_altar_fruit_tree
D:3:      lightli_temple_of_fire, lemuel_crystal_altar, moated_statue,
          lemuel_angel_altar
D:4:      grunt_temple_overflow_opulence, grunt_qazlal_clouds,
          lemuel_crystal_altar, uniq_crazy_yiuf_cottage
D:5:      gammafunk_temple_overflow_claw, minmay_temple_entry_glassed_door

Action                   |  1- 3 |  4- 6 || total
-------------------------+-------+-------++-------
Melee: Unarmed           |    30 |       ||    30
       Whip              |    23 |       ||    23
       Dagger            |    29 |    57 ||    86
       Falchion          |       |    12 ||    12
Throw: Javelin           |       |     2 ||     2
 Cast: Magic Dart        |    72 |    79 ||   151
       Blink             |       |     3 ||     3
 Abil: Spit Poison       |     3 |     6 ||     9
  Use: Scroll            |       |     5 ||     5
       Potion            |       |     1 ||     1
 Stab: Sleeping          |       |     2 ||     2
  Eat: Chunk             |     2 |     5 ||     7
       Fruit             |       |     3 ||     3

Vault maps used:
D:1:      dpeg_arrival_boxorama, minivault_26
D:2:      nicolae_overflow_hidden_temple, first_bread, fedhas_altar_fruit_tree
D:3:      lightli_temple_of_fire, lemuel_crystal_altar, moated_statue,
          lemuel_angel_altar
D:4:      grunt_temple_overflow_opulence, grunt_qazlal_clouds,
          lemuel_crystal_altar, uniq_crazy_yiuf_cottage
D:5:      gammafunk_temple_overflow_claw, minmay_temple_entry_glassed_door

Table legend:
 A = Turns spent in this place as a percentage of turns spent in the entire game.
 B = Non-inter-level travel turns spent in this place as a percentage of non-inter-level travel turns spent in the entire game.
 C = Inter-level travel turns spent in this place as a percentage of turns spent in this place.
 D = Turns resting spent in this place as a percentage of non-inter-level travel turns spent in this place.
 E = Turns spent auto-exploring this place as a percentage of non-inter-level travel turns spent in this place.
 F = Non-inter-level travel turns spent in this place divided by the number of levels of this place that you've seen.
                   A       B       C       D       E      F
               +-------+-------+-------+-------+-------+----------------------
         Total | 100.0 | 100.0 |   1.3 |   7.8 |  11.1 | 181.8
       Dungeon | 100.0 | 100.0 |   1.3 |   7.8 |  11.1 | 181.8
               +-------+-------+-------+-------+-------+----------------------

Table legend:
 A = Kills in this place as a percentage of kills in entire the game.
 B = Kills by you in this place as a percentage of kills by you in the entire game.
 C = Kills by friends in this place as a percentage of kills by friends in the entire game.
 D = Other kills in this place as a percentage of other kills in the entire game.
 E = Experience gained in this place as a percentage of experience gained in the entire game.
 F = Experience gained in this place divided by the number of levels of this place that you have seen.
                   A       B       C       D       E      F
               +-------+-------+-------+-------+-------+----------------------
         Total | 100.0 | 100.0 |  -nan |  -nan | 100.0 |  64.8
       Dungeon | 100.0 | 100.0 |  -nan |  -nan | 100.0 |  64.8
               +-------+-------+-------+-------+-------+----------------------
